 Dungeon Crawl Stone Soup version 0.30-b1-2-g02819fbbbe (webtiles) character file.

Game seed: 7817725996557655645

270228 Flugkiller the Warrior (level 18, -4/178 HPs)
             Began as a Minotaur Fighter on May 8, 2023.
             Was the Champion of Cheibriados.
             Killed from afar by an orb of fire (33 damage)
             ... with a fireball
             ... on level 1 of the Realm of Zot.
             The game lasted 00:19:17 (27895 turns).

Flugkiller the Warrior (Minotaur Fighter)          Turns: 27895, Time: 00:19:17

Health: -4/178     AC: 32    Str: 39 (40) XL:     18   Next: 99%
Magic:  15/25      EV: 25    Int: 19 (20) God:    Cheibriados [******]
Gold:   2115       SH: 30    Dex: 30      Spells: 17/17 levels left

rFire   + . .        a - +6 broad axe (flame)
rCold   . . .        k - +0 tower shield
rNeg    + . .        E - +1 plate armour {rF+}
rPois   .            j - +1 hat
rElec   +            A - +2 cloak
rCorr   .            y - +2 pair of gloves
SInv    .            I - +2 pair of boots
Will    +....        B - amulet of reflection Stlth
                     V - ring of Zigir {rElec rN+ Slay+3 Stlth+}
HPRegen 0.49/turn    Q - ring "Ostrezunn" {EV+5 Dex+3 Slay+2}
MPRegen 0.19/turn

%: reflection
@: lethally poisoned (-4 -> -8), studying Air Magic, very slow
A: horns 2, retaliatory headbutt, screaming 1, weak 1
}: 3/15 runes: decaying, abyssal, gossamer
a: Renounce Religion, Bend Time, Temporal Distortion, Slouch, Step From Time


You were on level 1 of the Realm of Zot.
You worshipped Cheibriados.
Cheibriados was exalted by your worship.
You visited 8 branches of the dungeon, and saw 37 of its levels.
You visited the Abyss 1 time.
You also visited: Gauntlet.

You collected 2570 gold pieces.
You spent 455 gold pieces at shops.

Inventory:

Hand Weapons
 a - a +6 broad axe of flaming (weapon)
   (You found it on level 10 of the Dungeon)
 b - the +1 falchion "Killer Klown's Doom" {distort, rC+ MP+9 Str+3 Dex+2}
   (You found it on level 14 of the Dungeon)

   Str:       It affects your strength (+3).
   Dex:       It affects your dexterity (+2).
   rC:        It protects you from cold.
   MP:        It affects your magic capacity (+9).
Missiles
 J - 2 throwing nets (quivered)
Armour
 j - a +1 hat (worn)
   (You found it on level 1 of the Dungeon)
 k - a +0 tower shield (worn)
   (You took it off Louise on level 14 of the Dungeon)
 y - a +2 pair of gloves (worn)
   (You found it on level 4 of the Dungeon)
 A - a +2 cloak (worn)
   (You found it on level 3 of the Lair of Beasts)
 E - a +1 plate armour of fire resistance (worn)
   (You bought it in a shop on level 2 of the Orcish Mines)
 F - the +3 scale mail of the Sun {rPois Str-4 Dex+2 Slay+4}
   (You found it on level 5 of the Dungeon)

   Str:       It affects your strength (-4).
   Dex:       It affects your dexterity (+2).
   Slay:      It affects your accuracy & damage with ranged weapons and melee
   (+4).
   rPois:     It protects you from poison.
 I - a +2 pair of boots (worn)
   (You found it on level 2 of the Dungeon)
 T - the +4 chain mail of Iwno {Will++}
   (You found it in a Gauntlet)

   Will:      It greatly increases your willpower.
Jewellery
 f - a ring of protection from fire
   (You found it on level 10 of the Dungeon)
 i - a ring of see invisible
   (You took it off a meliai on level 3 of the Spider Nest)
 m - a ring of willpower
   (You found it on level 4 of the Swamp)
 o - a ring of poison resistance
   (You found it in a Gauntlet)
 p - a +4 ring of protection
   (You found it in a Gauntlet)
 B - an amulet of reflection (around neck)
   (You found it on level 1 of the Dungeon)
 L - an amulet of regeneration
   (You found it on level 8 of the Dungeon)
 Q - the ring "Ostrezunn" (right hand) {EV+5 Dex+3 Slay+2}
   (You found it in a Gauntlet)

   [ring of evasion]

   EV:        It affects your evasion (+5).
   Dex:       It affects your dexterity (+3).
   Slay:      It affects your accuracy & damage with ranged weapons and melee
   (+2).
 V - the ring of Zigir (left hand) {rElec rN+ Slay+3 Stlth+}
   (You found it on level 1 of the Depths)

   [ring of positive energy]

   Slay:      It affects your accuracy & damage with ranged weapons and melee
   (+3).
   rElec:     It insulates you from electricity.
   rN:        It protects you from negative energy.
   Stlth:     It makes you more stealthy.
Wands
 g - a wand of digging (11)
   (You found it on level 10 of the Dungeon)
 u - a wand of mindburst (6)
   (You found it on level 2 of the Lair of Beasts)
 D - a wand of paralysis (39)
   (You found it on level 5 of the Dungeon)
 M - a wand of roots (21)
   (You found it on level 8 of the Dungeon)
Scrolls
 l - 5 scrolls of magic mapping
 r - 10 scrolls of identify
 s - 5 scrolls of summoning
 t - 12 scrolls of teleportation
 z - 2 scrolls of blinking
 C - a scroll of fear
 G - a scroll of vulnerability
 P - 4 scrolls of fog
 R - 3 scrolls of immolation
 S - 4 scrolls of brand weapon
 W - a scroll of enchant armour
Potions
 c - 11 potions of ambrosia
 d - 3 potions of might
 e - 3 potions of invisibility
 h - 7 potions of haste
 n - 2 potions of resistance
 q - 9 potions of curing
 v - 5 potions of cancellation
 w - 8 potions of heal wounds
 x - a potion of magic
 H - 8 potions of mutation
 K - 3 potions of attraction
 N - a potion of berserk rage
 O - 4 potions of lignification
 U - 4 potions of flight


   Skills:
 + Level 20.0 Fighting
 - Level 18.0 Axes
 + Level 19.8 Armour
 - Level 11.7 Dodging
 * Level 19.5 Shields
 - Level 11.0 Invocations


You had 17 spell levels left.
You didn't know any spells.
Your spell library was empty.

Dungeon Overview and Level Annotations

Branches:
Dungeon (15/15)            Temple (1/1) D:6            Lair (5/5) D:10
  Swamp (4/4) Lair:2       Spider (4/4) Lair:3        Slime (0/5) Lair:4
    Orc (2/2) D:12            Elf (0/3) Orc:2        Vaults (0/5) D:13
 Depths (4/4) D:15            Zot (2/5) Depths:4    Gauntlet (visited)

Altars:
Ashenzari
Cheibriados
Dithmenos
Elyvilon
Fedhas
Gozag
Hepliaklqana
Kikubaaqudgha
Makhleb
Nemelex Xobeh
Okawaru
Qazlal
Ru
Sif Muna
Trog
Uskayaw
Vehumet
Wu Jian
Xom
Yredelemnul
Zin
The Shining One
Lugonu

Shops:
D:10 *   D:11 =   Orc:2 *[[(

Portals:
Hell: Lair:5 Depths:3
Abyss: D:8 Lair:3 Depths:1 Depths:3
Pandemonium: Depths:1
Ziggurat: Depths:3

Annotations:
D:8 2 runed translucent doors
Lair:4 exclusion: ice statue
Lair:5 exclusion: 2 oklob plants
Swamp:2 2 transporters, Nattefrost's ghost, adept DsMo
Spider:1 3 runed translucent doors, Beorghan's ghost, adept MiBe; Honosyedgha's ghost, adept GrBe; Ikly's ghost, journeyman GrFi; cfbundy's ghost, adept FoFi
Depths:1 1 runed translucent door


Innate Abilities, Weirdness & Mutations

You have a pair of horns on your head.
You reflexively headbutt those who attack you in melee.
You occasionally shout uncontrollably at your foes.
You are weak. (Str -2)


Message History

The golden dragon breathes fire at you. The bolt of fire misses you.
You are no longer corroded.
You block the golden dragon's attack. x3
The golden dragon completely misses you.
The golden dragon claws you but does no damage.
The golden dragon closely misses you.
You are too injured to fight recklessly!
You slice the golden dragon!! You burn the golden dragon.
You headbutt the golden dragon, but do no damage.
The golden dragon is moderately wounded.
The golden dragon breathes poison at you.
The blast of poison engulfs you!
You are poisoned.
You are too injured to fight recklessly!
You slash the golden dragon! You burn the golden dragon.
The golden dragon is heavily wounded.
You are engulfed in poison gas.
You are more poisoned.
You feel very sick.
You hit the golden dragon but do no damage.
You headbutt the golden dragon!
The golden dragon is heavily wounded.
You are engulfed in poison gas.
You are more poisoned.
You feel very sick. You block the golden dragon's attack.
The golden dragon completely misses you.
The golden dragon tramples you.
* * * LOW HITPOINT WARNING * * *
You stumble backwards!
You feel better.
You are engulfed in poison gas.
You are poisoned.
* * * LOW HITPOINT WARNING * * *
You feel sick. You block the golden dragon's attack.
The golden dragon claws you.
* * * LOW HITPOINT WARNING * * *
The golden dragon closely misses you.
You hit the golden dragon but do no damage.
You headbutt the golden dragon, but do no damage.
The golden dragon is heavily wounded.
You feel sick.
The golden dragon bites you but does no damage.
You block the golden dragon's attack. x2
You slash the golden dragon! You burn the golden dragon.
The golden dragon is severely wounded.
You feel sick.
The golden dragon breathes poison at you.
The blast of poison engulfs you but does no damage.
You are more poisoned.
You slash the golden dragon! You burn the golden dragon.
The golden dragon is severely wounded.
You are engulfed in poison gas.
You are more poisoned.
* * * LOW HITPOINT WARNING * * *
You feel very sick.
You slash the golden dragon! You burn the golden dragon.
The golden dragon is almost dead.
You are engulfed in poison gas.
You are more poisoned.
* * * LOW HITPOINT WARNING * * *
x2 You feel very sick.
You block the golden dragon's attack. x3
You feel better.
You are engulfed in poison gas.
You are poisoned.
* * * LOW HITPOINT WARNING * * *
You feel very sick.
You block the golden dragon's attack. x2
The golden dragon tramples you but does no damage.
You feel much better.
You are engulfed in poison gas.
You are more poisoned.
* * * LOW HITPOINT WARNING * * *
You feel very sick.
You block the golden dragon's attack. x3
You feel better.
You are engulfed in poison gas.
You are poisoned.
* * * LOW HITPOINT WARNING * * *
You feel very sick.
You block the golden dragon's attack. x3
You hit the golden dragon but do no damage.
You headbutt the golden dragon.
The golden dragon is almost dead.
You are engulfed in poison gas.
You are more poisoned.
* * * LOW HITPOINT WARNING * * *
You feel very sick.
The golden dragon breathes poison at you.
The blast of poison engulfs you!
You are lethally poisoned!
* * * LOW HITPOINT WARNING * * *
You feel better.
You are engulfed in poison gas.
You are poisoned.
* * * LOW HITPOINT WARNING * * *
You feel sick. The golden dragon breathes cold at you.
The bolt of cold misses you.
You step out of the flow of time.
You return to the normal time flow.
An orb of fire comes into view.
You feel sick.
The orb of fire glows bright magenta.
The fireball explodes!
The fireball engulfs you!! You resist.
You die...

#######################
#..............*.......
#.∩....................
#......................
#...........@.[[).(....
#..............>..?....
#.............)........
#............^.........
#......................
#......................
....[................
....................
...................


You could see an orb of fire.

Vanquished Creatures
  the Lernaean hydra (Swamp:4)
  A bone dragon (Depths:4)
  2 tentacled monstrosities (Zot:2)
  3 tentacled starspawn
  A quicksilver dragon (Zot:2)
  A death cob (Zot:2)
  Gastronok (Lair:3)
  3 thorn hunters
  A draconian monk (Zot:1)
  A storm dragon (Zot:1)
  2 draconian knights (Zot:2)
  10 emperor scorpions
  A daeva (Depths:3)
  A deep elf sorcerer (Depths:1)
  2 fire giants
  2 frost giants
  3 ghost moths
  Louise (D:14)
  A draconian shifter (Zot:2)
  A draconian annihilator (Depths:4)
  A stone giant (D:15)
  A broodmother (Spider:4)
  8 very ugly things
  A war gargoyle (Abyss:4)
  A vampire knight (Depths:4)
  An eleionoma (Swamp:4)
  3 white draconians
  3 yellow draconians
  A red draconian (Zot:2)
  2 green draconians
  A purple draconian (Zot:2)
  2 black draconians
  4 bunyips
  A minotaur (Gauntlet)
  A blizzard demon (Abyss:4)
  An ettin (Depths:4)
  2 green deaths (Swamp:4)
  5 fire dragons (Depths:3)
  A merfolk impaler (Depths:1)
  Josephine (Orc:1)
  2 entropy weavers
  Fannar (D:12)
  3 ice dragons
  2 ghost crabs
  4 vault guards (D:13)
  2 rakshasas (Depths:2)
  15 hydras
  A spriggan air mage (Depths:3)
  A jorogumo (Spider:4)
  3 radroaches
  2 ogre magi (Orc:2)
  7 alligators
  8 centaur warriors
  5 boulder beetles
  13 two-headed ogres
  2 deep troll earth magi (Depths:3)
  3 catoblepae
  The ghost of TrebMcFLY the Thaumaturge, a journeyman DECj of Vehumet (Lair:3)
  4 death yaks (Lair:5)
  A hell hog (Abyss:4)
  2 tengu warriors (D:13)
  A thrashing horror (Swamp:4)
  An orc high priest (Orc:2)
  A titan zombie (Abyss:3)
  Sonja (Orc:1)
  A sun demon (Lair:5)
  4 spriggan berserkers
  2 skysharks
  An iron troll (Depths:3)
  2 wretched stars (Abyss:4)
  5 goliath frogs
  A sixfirhy (Abyss:4)
  7 pharaoh ants
  A skeletal warrior (D:9)
  A death drake (Abyss:4)
  9 deep trolls
  2 glowing orange brains
  A spriggan druid (Swamp:3)
  7 orb spiders
  4 swamp dragons (Swamp:4)
  A wizard (Lair:5)
  11 bog bodies
  4 large abominations
  4 deep elf pyromancers
  6 steelbarb worms
  33 ugly things
  2 will-o-the-wisps
  9 wolf spiders
  A manticore (D:13)
  2 worldbinders
  2 orc sorcerers
  5 moths of wrath
  8 cyclopes
  A black mamba (Lair:2)
  6 orange demons
  7 demonic crawlers
  13 elephants
  3 torpor snails
  2 gargoyles
  9 cane toads
  4 kobold demonologists
  7 rime drakes
  A freezing wraith (D:15)
  5 ice devils
  3 tengu conjurers
  3 efreet
  An ancient zyme (Abyss:4)
  11 komodo dragons
  12 meliai
  A queen bee (Spider:3)
  A troll (shapeshifter) (Lair:3)
  A red devil (Lair:3)
  A hellwing (Lair:5)
  5 polar bears (Lair:4)
  6 tyrant leeches
  4 catoblepas skeletons (Abyss:4)
  A hornet (shapeshifter) (D:15)
  13 trolls
  17 tarantellas
  3 hornets
  10 blink frogs
  A raiju (Gauntlet)
  Grinder (D:3)
  25 slime creatures
  5 shadows
  18 jumping spiders
  5 water elementals
  15 culicivoras
  4 spriggans
  56 yaks
  2 ynoxinuls (Abyss:3)
  4 wyverns
  3 basilisks
  3 neqoxecs (Abyss:4)
  9 wraiths
  50 redbacks
  A steam dragon (Gauntlet)
  A chaos spawn (Depths:1)
  6 vampire mosquitoes
  10 swamp worms
  3 wargs
  14 water moccasins
  5 hell hounds (Lair:5)
  3 acid dragons
  A floating eye (Lair:5)
  A sky beast (D:7)
  An ice beast (D:6)
  A swamp drake (Swamp:1)
  14 orc warriors
  3 black bears
  21 ogres
  4 boggarts (D:14)
  13 wolves
  14 centaurs
  A phantom (D:12)
  2 kobold brigands (D:10)
  10 bullfrogs
  A gnoll sergeant (D:13)
  16 scorpions
  2 two-headed ogre simulacra (Lair:4)
  6 earth elementals (Abyss:4)
  An entropy weaver simulacrum (Lair:4)
  9 wights
  12 small abominations
  A troll zombie (D:12)
  25 killer bees
  An elephant simulacrum (Lair:4)
  3 howler monkeys
  A crimson imp (D:3)
  A jelly (D:6)
  3 hounds
  9 orc priests
  5 hell rats
  7 iguanas
  19 orc wizards
  2 sleepcaps
  Natasha (thrice) (D:3)
  A spriggan simulacrum (Lair:4)
  7 ogre zombies (D:12)
  6 gnolls
  13 adders
  A white imp (D:5)
  5 ufetubi
  4 worms
  2 dart slugs
  49 orcs
  7 ball pythons
  2 endoplasms (D:1)
  2 giant cockroaches
  4 goblins
  6 hobgoblins
  5 quokkas
  8 bats (D:5)
  3 frilled lizards
  2 goblin skeletons (D:12)
  3 hobgoblin skeletons (D:12)
  A hobgoblin zombie (D:12)
  12 kobolds
  An orc skeleton (D:12)
  18 orc zombies (D:12)
  6 rats
  8 briar patches (Swamp:3)
  A lurking horror (Abyss:4)
  A plant (Depths:1)
  A spectral weapon (Swamp:4)
  4 starspawn tentacles
1093 creatures vanquished.

Vanquished Creatures (collateral kills)
  A hound (D:5)
1 creature vanquished.

Vanquished Creatures (others)
  A fire giant (Depths:1)
  Nessos (D:14)
  A spriggan druid (Swamp:4)
  A tyrant leech (Swamp:4)
  2 bloated husks
  A hornet (Swamp:4)
  A spriggan (Swamp:4)
  An earth elemental (Depths:1)
  An orc wizard (D:9)
  A white imp (Abyss:4)
  A demonic plant (Gauntlet)
  4 foxfires
  24 fungi
  31 plants
  6 starspawn tentacles
  2 withered plants (Spider:1)
79 creatures vanquished.

Grand Total: 1173 creatures vanquished

Notes
Turn   | Place    | Note
-------+----------+-------------------------------------------
     0 | D:1      | Flugkiller the Minotaur Fighter began the quest for the
                  | Orb.
     0 | D:1      | Reached XP level 1. HP: 19/19 MP: 0/0
    76 | D:1      | Reached XP level 2. HP: 27/27 MP: 1/1
    78 | D:1      | Reached skill level 4 in Fighting
   142 | D:1      | You fall into a shaft and drop 1 floor!
   185 | D:2      | Found a bloodstained altar of Trog.
   198 | D:2      | Reached XP level 3. HP: 33/33 MP: 2/2
   539 | D:2      | Reached XP level 4. HP: 41/41 MP: 3/3
  1035 | D:3      | Noticed Natasha
  1040 | D:3      | Killed Natasha
  1224 | D:3      | Noticed Natasha
  1230 | D:3      | Killed Natasha
  1231 | D:3      | Reached XP level 5. HP: 39/47 MP: 4/4
  1238 | D:3      | Noticed Natasha
  1242 | D:3      | Killed Natasha
  1243 | D:3      | Reached skill level 5 in Fighting
  1243 | D:3      | Reached skill level 5 in Armour
  1303 | D:3      | Found a burning altar of Makhleb.
  1304 | D:3      | Found a shimmering altar of Xom.
  1439 | D:3      | Noticed Grinder
  1442 | D:3      | Paralysed by Grinder for 4 turns
  1454 | D:3      | Killed Grinder
  1455 | D:3      | Reached XP level 6. HP: 22/57 MP: 5/5
  1931 | D:4      | Reached skill level 5 in Axes
  2247 | D:4      | Reached skill level 6 in Fighting
  2247 | D:4      | Reached XP level 7. HP: 63/63 MP: 6/6
  2254 | D:4      | Reached skill level 5 in Shields
  2386 | D:5      | Entered Level 5 of the Dungeon
  2489 | D:5      | Found a broken altar of Ashenzari.
  2715 | D:5      | Reached skill level 7 in Fighting
  2715 | D:5      | Reached XP level 8. HP: 47/73 MP: 7/7
  2718 | D:5      | Identified the +3 scale mail of the Sun {rPois Str-4 Dex+2
                  | Slay+4}
  3097 | D:5      | Found a glowing golden altar of the Shining One.
  3171 | D:6      | Found a staircase to the Ecumenical Temple.
  3177 | Temple   | Entered the Ecumenical Temple
  3400 | Temple   | Became a worshipper of Cheibriados the Contemplative
  3583 | D:6      | Reached skill level 1 in Invocations
  3588 | D:6      | Reached skill level 8 in Fighting
  3734 | D:6      | Reached XP level 9. HP: 81/81 MP: 9/9
  3816 | D:6      | Reached * piety under Cheibriados
  4141 | D:6      | Found a blossoming altar of Fedhas.
  4306 | D:7      | Reached ** piety under Cheibriados
  4307 | D:7      | Reached skill level 9 in Fighting
  4772 | D:7      | Found a white marble altar of Elyvilon.
  5110 | D:8      | Noticed a two-headed ogre
  5116 | D:8      | Reached skill level 1 in Dodging
  5120 | D:7      | Killed a two-headed ogre
  5121 | D:7      | Reached XP level 10. HP: 78/93 MP: 11/11
  5243 | D:8      | Found a hazy altar of Hepliaklqana.
  5244 | D:8      | Found a shadowy altar of Dithmenos.
  5259 | D:8      | Found an ancient bone altar of Kikubaaqudgha.
  5276 | D:8      | Reached *** piety under Cheibriados
  5277 | D:8      | Reached skill level 10 in Fighting
  5352 | D:8      | Found a one-way gate to the infinite horrors of the Abyss.
  5352 | D:8      | Identified the +9 dagger of Koaduodgh {distort, rC+ Will+}
  5397 | D:8      | Reached skill level 10 in Armour
  5607 | D:8      | Found a stormy altar of Qazlal.
  5679 | D:8      | Found a large runed translucent door.
  5679 | D:8      | Found a large runed translucent door.
  5680 | D:8      | Found a corrupted altar of Lugonu.
  5682 | D:8      | Noticed a brown ugly thing
  5855 | D:9      | Noticed a skeletal warrior
  5865 | D:9      | Killed a skeletal warrior
  5866 | D:9      | Reached skill level 10 in Axes
  5873 | D:9      | Found the +5 scythe "Finisher" {speed, execute}
  6016 | D:9      | Reached **** piety under Cheibriados
  6037 | D:9      | Noticed a two-headed ogre
  6042 | D:9      | Killed a two-headed ogre
  6043 | D:9      | Reached skill level 5 in Dodging
  6043 | D:9      | Reached XP level 11. HP: 85/101 MP: 13/13
  6679 | D:9      | Reached skill level 11 in Fighting
  6740 | D:10     | Entered Level 10 of the Dungeon
  6794 | D:10     | Found Mofriph's Gadget Gallery.
  7344 | D:10     | Found a staircase to the Lair.
  7584 | D:10     | Found a bloodstained altar of Trog.
  8005 | D:11     | Noticed a centaur warrior
  8011 | D:11     | Killed a centaur warrior
  8057 | D:11     | Found Buczyh's Jewellery Shoppe.
  8134 | D:11     | Noticed a two-headed ogre
  8141 | D:11     | Killed a two-headed ogre
  8142 | D:11     | Reached skill level 5 in Invocations
  8430 | D:12     | Noticed a soul eater
  8512 | D:12     | Noticed a deep elf pyromancer
  8518 | D:12     | Killed a deep elf pyromancer
  8524 | D:12     | Noticed Fannar
  8539 | D:12     | Killed Fannar
  8554 | D:12     | Noticed a two-headed ogre
  8566 | D:12     | Killed a two-headed ogre
  8567 | D:12     | Reached skill level 12 in Fighting
  8607 | D:12     | Reached ***** piety under Cheibriados
  8608 | D:12     | Noticed a boulder beetle
  8610 | D:12     | Noticed a two-headed ogre
  8647 | D:12     | Killed a two-headed ogre
  8648 | D:12     | Reached XP level 12. HP: 34/112 MP: 11/15
  8860 | D:12     | Found a staircase to the Orcish Mines.
  9109 | D:12     | Killed a boulder beetle
  9446 | D:13     | Noticed a vault guard
  9452 | D:13     | Noticed a vault guard
  9455 | D:13     | Killed a vault guard
  9455 | D:13     | Noticed a vault guard
  9460 | D:13     | Noticed a vault guard
  9462 | D:13     | Noticed a centaur warrior
  9757 | Lair:1   | Entered Level 1 of the Lair of Beasts
  9824 | Lair:1   | Reached skill level 13 in Fighting
 10964 | Lair:2   | Reached ****** piety under Cheibriados
 11161 | Lair:2   | Found a staircase to the Swamp.
 11602 | Lair:3   | Noticed TrebMcFLY's ghost (journeyman DECj)
 11603 | Lair:3   | Noticed a tentacled starspawn
 11622 | Lair:3   | Found a transporter.
 11666 | Lair:3   | Found a transporter.
 11804 | Lair:3   | Found a hole to the Spider Nest.
 11813 | Lair:3   | Reached XP level 13. HP: 122/122 MP: 17/17
 12105 | Lair:3   | Noticed Gastronok
 12115 | Lair:3   | Killed Gastronok
 12367 | Lair:3   | Killed a tentacled starspawn
 12402 | Lair:3   | Identified the +1 helmet of Depression {*Slow rN+++ Regen+
                  | Slay-3}
 12421 | Lair:3   | Killed TrebMcFLY's ghost
 12512 | Lair:3   | Identified the staff of poison "Zamum" {rPois Will+++ Str+7
                  | Int-4 Stlth+}
 12648 | Lair:4   | Found a gate leading to a gauntlet.
 12657 | Gauntlet | Entered a Gauntlet
 12657 | Gauntlet | Found a transporter.
 12657 | Gauntlet | Found a transporter.
 12669 | Gauntlet | Found a transporter.
 12683 | Gauntlet | Found a large runed translucent door.
 12684 | Gauntlet | Found a large runed translucent door.
 12685 | Gauntlet | Found a large runed translucent door.
 12685 | Gauntlet | Found a large runed translucent door.
 12685 | Gauntlet | Found a large runed translucent door.
 12685 | Gauntlet | Found a large runed translucent door.
 12685 | Gauntlet | Found a large runed translucent door.
 12685 | Gauntlet | Found a large runed translucent door.
 12686 | Gauntlet | Found a runed translucent door.
 12686 | Gauntlet | Found a runed translucent gate.
 12687 | Gauntlet | Found a runed translucent gate.
 12687 | Gauntlet | Found a transporter.
 12687 | Gauntlet | Found a transporter.
 12687 | Gauntlet | Found a transporter.
 12689 | Gauntlet | Found a transporter.
 12689 | Gauntlet | Found a transporter.
 12692 | Gauntlet | Noticed a quicksilver ooze
 12701 | Gauntlet | Found a transporter.
 12717 | Gauntlet | Found a transporter.
 12727 | Gauntlet | Found a transporter.
 12742 | Gauntlet | Found a transporter.
 12769 | Gauntlet | Found a large runed translucent door.
 12770 | Gauntlet | Found a large runed translucent door.
 12771 | Gauntlet | Found a large runed translucent door.
 12771 | Gauntlet | Found a large runed translucent door.
 12771 | Gauntlet | Found a large runed translucent door.
 12771 | Gauntlet | Found a large runed translucent door.
 12772 | Gauntlet | Found a runed translucent gate.
 12772 | Gauntlet | Found a large runed translucent door.
 12772 | Gauntlet | Found a runed translucent door.
 12772 | Gauntlet | Found a large runed translucent door.
 12777 | Gauntlet | Found a transporter.
 12780 | Gauntlet | Found a runed translucent door.
 12785 | Gauntlet | Found a runed translucent door.
 12789 | Gauntlet | Found a transporter.
 12821 | Gauntlet | Reached skill level 14 in Fighting
 12829 | Gauntlet | Identified the ring "Ostrezunn" {EV+5 Dex+3 Slay+2}
 12901 | Gauntlet | Identified the +4 chain mail of Iwno {Will++}
 12915 | Gauntlet | Identified the +4 sling "Qyipsa" {flame, Str+3}
 12915 | Gauntlet | Identified the staff of fire "Kiuv Zua" {rF+ rC+ Will+
                  | Str+4}
 12915 | Gauntlet | Noticed a minotaur
 12921 | Gauntlet | Killed a minotaur
 12963 | Lair:4   | Reached skill level 10 in Dodging
 13597 | Lair:4   | Found a staircase to the Slime Pits.
 13702 | Lair:5   | Entered Level 5 of the Lair of Beasts
 13776 | Lair:5   | Reached XP level 14. HP: 133/133 MP: 19/19
 14057 | Lair:5   | Reached skill level 15 in Fighting
 14168 | Lair:5   | Found a burning altar of Makhleb.
 14175 | Lair:5   | Reached skill level 15 in Armour
 14189 | Lair:5   | Found a gateway to Hell.
 14509 | Lair:5   | Reached skill level 15 in Axes
 15430 | D:13     | Reached skill level 10 in Invocations
 15430 | D:13     | Found a gate to the Vaults.
 15865 | D:14     | Found an iron altar of Okawaru.
 15899 | D:14     | Identified the +1 falchion "Killer Klown's Doom" {distort,
                  | rC+ MP+9 Str+3 Dex+2}
 15943 | D:14     | Reached XP level 15. HP: 143/143 MP: 21/21
 16065 | D:14     | Noticed Nessos
 16077 | D:14     | Killed Nessos
 16081 | D:14     | Noticed Louise
 16093 | D:14     | Killed Louise
 16540 | D:15     | Entered Level 15 of the Dungeon
 16787 | D:15     | Found a staircase to the Depths.
 16888 | D:15     | Reached skill level 16 in Fighting
 17315 | D:15     | Found a shadowy altar of Dithmenos.
 17714 | Orc:1    | Entered Level 1 of the Orcish Mines
 17714 | Orc:1    | Noticed Josephine
 17721 | Orc:1    | Killed Josephine
 17943 | Orc:2    | Entered Level 2 of the Orcish Mines
 17963 | Orc:2    | Found a staircase to the Elven Halls.
 18280 | Orc:2    | Reached skill level 10 in Shields
 18290 | Orc:2    | Found Itoseoja's Weapon Shop.
 18291 | Orc:2    | Found Upotsusa's Antique Armour Boutique.
 18316 | Orc:2    | Found Xumuam's Armour Emporium.
 18363 | Orc:2    | Found Maimacw's General Store.
 18533 | Orc:1    | Noticed Sonja
 18540 | Orc:1    | Killed Sonja
 18832 | Spider:1 | Entered Level 1 of the Spider Nest
 18846 | Spider:1 | Noticed an emperor scorpion
 18854 | Spider:1 | Killed an emperor scorpion
 18855 | Spider:1 | Reached XP level 16. HP: 139/152 MP: 23/23
 19067 | Orc:2    | Bought a +1 plate armour of fire resistance for 455 gold
                  | pieces
 19366 | Spider:1 | Found a runed translucent gate.
 19449 | Spider:1 | Found a runed translucent gate.
 19451 | Spider:1 | Found a runed translucent gate.
 19596 | Spider:1 | Noticed Honosyedgha's ghost (adept GrBe)
 19596 | Spider:1 | Noticed Ikly's ghost (journeyman GrFi)
 19596 | Spider:1 | Noticed Beorghan's ghost (adept MiBe)
 19596 | Spider:1 | Noticed cfbundy's ghost (adept FoFi)
 19612 | Spider:1 | Identified the +9 war axe "Upiepeuj" {heavy, rN+ Int+2
                  | Stlth-}
 20164 | Spider:3 | Reached skill level 17 in Fighting
 20532 | Spider:4 | Entered Level 4 of the Spider Nest
 21122 | Spider:4 | Reached XP level 17. HP: 163/163 MP: 13/24
 21159 | Spider:4 | Identified the +2 pair of boots of Soakk {rPois rC+++
                  | Slay-5}
 21267 | Spider:4 | Got a gossamer rune of Zot
 21558 | Swamp:1  | Entered Level 1 of the Swamp
 21902 | Swamp:2  | Found a transporter.
 21904 | Swamp:2  | Noticed Nattefrost's ghost (adept DsMo)
 21906 | Swamp:2  | Found a transporter.
 21956 | Swamp:2  | Reached skill level 18 in Fighting
 21992 | Swamp:2  | You fall into a shaft and drop 1 floor!
 22042 | Swamp:3  | Reached skill level 15 in Shields
 22650 | Swamp:4  | Entered Level 4 of the Swamp
 22875 | Swamp:4  | Identified the +7 hand axe "Maqeof" {drain, Fly rElec rCorr
                  | Str-5}
 23526 | Swamp:4  | Noticed the 27-headed Lernaean hydra
 23535 | Swamp:4  | Killed the 23-headed Lernaean hydra
 23803 | Swamp:4  | Got a decaying rune of Zot
 24153 | Depths:1 | Entered Level 1 of the Depths
 24236 | Abyss:3  | Cast into level 3 of the Abyss (a deep elf sorcerer)
 24258 | Abyss:3  | Found a runed translucent gate.
 24258 | Abyss:3  | Found a runed translucent gate.
 24258 | Abyss:3  | Found a runed translucent gate.
 24348 | Abyss:4  | Found a corrupted altar of Lugonu.
 24387 | Abyss:4  | Gained mutation: You occasionally shout uncontrollably at
                  | your foes. [a neqoxec]
 24388 | Abyss:4  | Gained mutation: You are weak. (Str -2) [a neqoxec]
 24396 | Abyss:4  | Reached XP level 18. HP: 30/174 MP: 19/25
 24413 | Abyss:4  | Found a runed translucent door.
 24605 | Abyss:4  | Reached skill level 19 in Fighting
 24607 | Abyss:4  | Got an abyssal rune of Zot
 24630 | Depths:1 | Escaped the Abyss
 25040 | Depths:1 | Found a shimmering altar of Xom.
 25042 | Depths:1 | Found a shimmering altar of Xom.
 25043 | Depths:1 | Found a shimmering altar of Xom.
 25044 | Depths:1 | Found a shimmering altar of Xom.
 25070 | Depths:1 | Identified the ring of Zigir {rElec rN+ Slay+3 Stlth+}
 25289 | Depths:1 | Noticed a lich
 25293 | Depths:1 | Found a one-way gate leading to the halls of Pandemonium.
 25318 | Depths:1 | Found a runed translucent door.
 26472 | Depths:3 | Found a one-way gateway to a ziggurat.
 26522 | Depths:4 | Entered Level 4 of the Depths
 26962 | Depths:4 | Found a sparkling altar of Nemelex Xobeh.
 26987 | Depths:4 | Noticed a bone dragon
 26999 | Depths:4 | Killed a bone dragon
 27511 | Depths:4 | Found a gate to the Realm of Zot.
 27518 | Zot:1    | Entered Level 1 of the Realm of Zot
 27852 | Zot:2    | Noticed a tentacled monstrosity
 27852 | Zot:2    | Noticed a tentacled monstrosity
 27864 | Zot:2    | Killed a tentacled monstrosity
 27866 | Zot:2    | Killed a tentacled monstrosity
 27873 | Zot:1    | Noticed a golden dragon
 27877 | Zot:1    | Reached skill level 20 in Fighting
 27895 | Zot:1    | Noticed an orb of fire
 27895 | Zot:1    | Killed from afar by an orb of fire

Illustrated notes

Levels and vault maps discovered:
D:1:      shiori_arrival_oz, layout_rooms, serial_bayou_pond_b,
          amcnicky_mini_corridor_feature, corexii_item_surrounded_by_moat
D:2:      layout_loops_ring, basic_altar
D:3:      layout_basic, grunt_temple_overflow_champion_of_chaos, uniq_grinder,
          uniq_natasha
D:4:      layout_gridville
D:5:      old_forge, layout_cave_pools, tso_altar, nicolae_ashenzari_skybound,
          st_stairs_3, kennysheep_generic_room_6
D:6:      layout_loops_ring, kennysheep_mini_moat, temple_doors_e
D:7:      layout_cave_pools, nicolae_elyvilon_temple_path, serial_rivers,
          chequers_serial_rivers_room_a, chequers_serial_rivers_micro_b,
          chequers_serial_rivers_large_a, chequers_serial_rivers_micro_b,
          chequers_serial_rivers_small_3
D:8:      due_chaos_kobolds, layout_basic, riverfiend_overflow_shadow_ancestor,
          kiku_gazebo_garden_becter, nicolae_qazlal_style_of_elements
D:9:      layout_long_grid, serial_co_window_serial, co_window_paths_a,
          co_window_paths_a, co_window_of_opportunity_a, co_window_paths_b,
          co_window_paths_a, co_window_broadway_b, co_window_corner_b,
          co_window_broadway_b, co_window_of_opportunity_b, co_window_2corner,
          glass_columns_a, minmay_guarded_unrand_finisher
D:10:     layout_layer_cave, trog_butcher_becter, lair_entry_dummy,
          nicolae_shop_gadgets
D:11:     layout_rooms, serial_shops, nicolae_shop_competitors_out_of_business
D:12:     layout_cross, zombieorc2_lemuel, uniq_fannar
D:13:     layout_rooms, lightli_vaults_fourway_checkpoint, minmay_misc_feat_rows
D:14:     layout_rooms, okawaru_gym_becter, uniq_nessos, uniq_louise
D:15:     grunt_enter_depths_giant_problem, layout_rooms, minmay_crystal_water,
          minivault_25_ag, nicolae_dithmenos_the_darkroom
Temple:   grunt_temple_mini_profane
Lair:1:   layout_layer_cave, lemuel_fruit_tree, lemuel_fruit_fields
Lair:2:   layout_regular_city, swamp_mist
Lair:3:   layout_cave_pods, nicolae_spider_entry_non_spiders,
          gammafunk_ghost_abyssal_escape, uniq_gastronok
Lair:4:   dreamdust_isle_of_ice, layout_gridlike, slime_entry_1,
          gauntlet_entry_generic
Lair:5:   evil_forest, layout_layer_cave, disabler_island
Swamp:1:  layout_falls_marsh, nicolae_swamp_triple_paths, swamp_pool3
Swamp:2:  layout_falls_marsh, gammafunk_ghost_mausoleum,
          nicolae_swamp_bean_lake, hangedman_swamp_wriggling
Swamp:3:  layout_basic_swamp, evilmike_swamp_ruin_house_1,
          cheibrodos_swamp_minitomb
Swamp:4:  swamp_vile, layout_basic_swamp
Spider:1: layout_spider_delve, gammafunk_ghost_cemetery,
          nicolae_spider_webbed_stairs
Spider:2: layout_spider_delve
Spider:3: nicolae_spider_hilbert_zone_4 [nicolae_spider_hilbert_4_sides_2_open,
          nicolae_spider_hilbert_4_sides_1_open,
          nicolae_spider_hilbert_4_sides_1_open,
          nicolae_spider_hilbert_4_sides_1_open,
          nicolae_spider_hilbert_4_sides_1_open,
          nicolae_spider_hilbert_2_sides_1_open,
          nicolae_spider_hilbert_2_sides_1_open,
          nicolae_spider_hilbert_2_sides_1_open,
          nicolae_spider_hilbert_2_sides_1_open,
          nicolae_spider_hilbert_6_sides_1_open,
          nicolae_spider_hilbert_6_sides_1_open,
          nicolae_spider_hilbert_3_sides_1_open,
          nicolae_spider_hilbert_3_sides_1_open], special_room
          [special_room_bee], drop_trap, uniq_nikola
Spider:4: grunt_spider_rune_circles, uniq_arachne
Orc:1:    layout_caves, uniq_sonja, uniq_josephine
Orc:2:    st_orc_open, layout_diamond_mine
Depths:1: layout_gridlike, minivault_14, nicolae_abyss_entry_one_way_or_another,
          grunt_hell_entry_demonic_statue, rand_demon_pan_entry_5,
          minmay_st_funbox, chequers_serial_rivers_micro_d,
          chequers_decorated_corner, dk_noncrumbling_2, xom_redecorated
Depths:2: dreamdust_under_siege, layout_basic, grunt_hell_entry_dis_old,
          serial_shops, nicolae_shop_temple_entry_statues_fountains,
          hangedman_decor_clover_reticule, pan_entry,
          minmay_staircase_windowed_large
Depths:3: abrahamwl_protected_by_tso_3, layout_cave_shapes, enter_ziggurat_f,
          abyss_entry, grunt_decor_junction, hell_entry,
          nicolae_take_the_stairs, grunt_megastairs_2,
          infiniplex_staircase_zigzag_3
Depths:4: evilmike_zot_entry_basic, layout_honeycomb, pf_hell_entry_tar_river,
          nemelex_xobeh_ov_fountains_minmay, grunt_ministairs_8,
          grunt_megastairs_3
Zot:1:    lemuel_draconian_sentries, layout_gridlike
Zot:2:    layout_misc_corridors, grunt_megastairs_5

Skill      XL: |  1  2  3  4  5  6  7  8  9 10 11 12 13 14 15 16 17 18 |
---------------+-------------------------------------------------------+-----
Fighting       | 4 5 6 7 8 9 10 12 13 14 15 16 17 18 20 | 20.0
Armour         | 4 5 6 7 8 9 10 12 13 14 15 16 17 18 19 | 19.8
Axes           | 3 4 5 6 7 9 10 11 13 14 15 16 17 18 | 18.0
Shields        | 4 5 6 7 11 14 16 19 | 19.5
Invocations    | 1 3 4 5 7 8 10 11 | 11.0
Dodging        | 2 5 7 9 10 11 | 11.7

Action                     |  1- 3 |  4- 6 |  7- 9 | 10-12 | 13-15 | 16-18 || total
---------------------------+-------+-------+-------+-------+-------+-------++-------
  Melee: War axe           |    49 |    81 |   211 |       |       |       ||   341
         Headbutt          |    12 |    14 |    33 |    75 |   141 |   269 ||   544
         Battleaxe         |       |       |    17 |    90 |       |       ||   107
         Broad axe         |       |       |       |   200 |   590 |   947 ||  1737
 Invoke: Slouch            |       |       |       |     2 |       |     8 ||    10
         Step From Time    |       |       |       |       |       |     1 ||     1
  Evoke: Wand              |       |       |       |     1 |       |     3 ||     4
    Use: Potion            |       |     3 |       |       |     5 |    17 ||    25
         Scroll            |       |     2 |     8 |    12 |     6 |     3 ||    31
   Stab: Sleeping          |       |       |       |     1 |       |       ||     1
         Held in net/web   |       |       |       |       |       |     1 ||     1
         Petrified         |       |       |       |       |       |     3 ||     3
 Armour: Scale mail        |    22 |    14 |    81 |   101 |   166 |    78 ||   462
         Plate armour      |       |    26 |    42 |       |       |   222 ||   290
  Dodge: Dodged            |    24 |    25 |   101 |   151 |   620 |   661 ||  1582
  Block: Buckler           |    12 |    13 |   101 |   122 |   423 |    22 ||   693
         Reflection        |       |     1 |     1 |     5 |    31 |    27 ||    65
         Other             |       |       |     7 |    22 |       |       ||    29
         Tower shield      |       |       |       |       |       |  1375 ||  1375
